[Event "Team 45 45 League T45"]
[Site "Internet Chess Club"]
[Date "2010.05.24"]
[Round "3"]
[White "pestka"]
[Black "charles-allen"]
[Result "1-0"]
[WhiteElo "2221"]
[BlackElo "1895"]
[Opening "QGD: Cambridge Springs defense, Rubinstein variation"]
[ECO "D52"]
[Time "08:28:42"]
[TimeControl "2700+45"]

1. d4 d5 2. Nf3 c6 3. c4 Nf6 4. Nc3 e6 5. Bg5 Nbd7 6. e3 Qa5 7. Nd2 dxc4 8. Bxf6
Nxf6 9. Nxc4 Qc7 10. Be2 Be7 11. O-O O-O 12. Rc1 Rd8 13. Qc2 Bd7 14. Rfd1 Be8
15. a3 c5 16. dxc5 Bxc5 17. Bf3 Rac8 18. Rxd8 Rxd8 19. Nd2 Bd6 20. g3 Rc8 21.
Qb3 Bc6 22. Nb5 Qd7 23. Nxa7 Rb8 24. Nxc6 bxc6 25. Qc2 c5 26. Nc4 Ne8 27. Rd1
Qc7 28. Qa4 Be7 29. Rd7 {Black resigns} 1-0

[Event "Team 45 45 League T45"]
[Site "Internet Chess Club"]
[Date "2010.05.22"]
[Round "3"]
[White "Constrictor"]
[Black "Duguesclin"]
[Result "0-1"]
[WhiteElo "1743"]
[BlackElo "1651"]
[Opening "Queen's pawn game"]
[ECO "D02"]
[Time "10:00:26"]
[TimeControl "2700+45"]

1. Nf3 d5 2. d4 Bg4 3. c4 c6 4. e3 e6 5. Qb3 Qc7 6. Be2 Nf6 7. h3 Bh5 8. Nc3
Nbd7 9. Bd2 Be7 10. O-O-O Ne4 11. Nxe4 dxe4 12. Ng1 Bxe2 13. Nxe2 O-O 14. Bb4 c5
15. Bc3 Rab8 16. d5 exd5 17. Rxd5 Bf6 18. Nf4 b5 19. Rxd7 Qxd7 20. Bxf6 gxf6 21.
Rd1 Qc6 22. Nd5 Rfe8 23. Qc3 Kg7 24. f4 b4 25. Qe1 f5 26. g4 fxg4 27. f5 gxh3
28. f6+ Kh8 29. Qh4 Qe6 30. Rh1 Rg8 31. Rxh3 Qf5 32. Ne7 Qf1+ 33. Kc2 Rg2+ 34.
Kb3 Qd1# {White checkmated} 0-1

[Event "Team 45 45 League T45"]
[Site "Internet Chess Club"]
[Date "2010.05.23"]
[Round "3"]
[White "tourettes"]
[Black "Kingofknights"]
[Result "1-0"]
[WhiteElo "1537"]
[BlackElo "1664"]
[Opening "Caro-Kann: closed (Breyer) variation"]
[ECO "B10"]
[Time "14:09:44"]
[TimeControl "2700+45"]

1. e4 c6 2. d3 d5 3. Nd2 e5 4. Ngf3 Bd6 5. g3 Be6 6. Bg2 Nf6 7. O-O h6 8. Re1
dxe4 9. Nxe4 Nxe4 10. dxe4 f6 11. Nh4 O-O 12. Be3 Qc7 13. Qe2 c5 14. b3 Nc6 15.
c3 Rad8 16. Rad1 Ne7 17. g4 a6 18. Nf5 Nxf5 19. gxf5 Bf7 20. Qg4 Kh7 21. Bc1 Rg8
22. Re3 Qa5 23. Rd2 Be7 24. Rc2 h5 25. Qe2 g5 26. fxg6+ Rxg6 27. h4 Kg7 28. Kh1
Rg8 29. Rg3 Rxg3 30. fxg3 Kf8 31. Kh2 Qc7 32. Bh3 Ke8 33. Rd2 Qc6 34. Bd7+ Qxd7
35. Rxd7 Kxd7 36. Be3 Rg4 37. Bf2 Kc7 38. Qe3 b6 39. Qh6 Kd7 40. Qh7 Be8 41. Be3
Ke6 42. Qf5+ Kd6 43. Qc8 Bc6 44. Qb8+ Kd7 45. Qxb6 Rxe4 46. Bf2 Re2 47. Kg1 Rxa2
48. Qa7+ Ke8 49. Qb8+ Kf7 50. Kf1 Bf3 51. Qc7 Rc2 52. Bxc5 Rxc3 53. Qxe7+ Kg6
54. Qe8+ Kf5 55. b4 Bg4 56. Qd7+ Ke4 57. Qb7+ Kf5 58. Qxa6 Rxg3 59. Be7 Rf3+ 60.
Kg2 Kg6 61. b5 e4 62. b6 e3 63. b7 e2 64. b8=Q e1=Q 65. Qg8+ Kf5 66. Qxf6+ Ke4
67. Qc4+ Ke3 68. Qfd4# {Black checkmated} 1-0